 Dungeon Crawl Stone Soup version 0.28.0-62-gf88900778d (webtiles) character file.

Game seed: 8889213168247024916

192 cbfl8 the Chopper (level 5, -10/70 HPs)
             Began as a Minotaur Berserker on Apr 28, 2023.
             Was a Believer of Trog.
             Mangled by a bog mummy (12 damage)
             ... in an ossuary.
             The game lasted 00:03:05 (2157 turns).

cbfl8 the Chopper (Minotaur Berserker)              Turns: 2157, Time: 00:03:05

Health: -10/70     AC:  6    Str: 21    XL:     5   Next: 42%
Magic:  4/4        EV: 10    Int:  4    God:    Trog [**....]
Gold:   126        SH:  0    Dex: 12    Spells: 4/4 levels left

rFire   . . .      SeeInvis .   a - +0 hand axe
rCold   . . .      Faith    .   (no shield)
rNeg    . . .      Spirit   .   l - +0 scale mail
rPois   .          Reflect  .   (helmet restricted)
rElec   .          Harm     +   c - scarf {harm}
rCorr   .          Rampage  .   (no gloves)
Will    .....                   (no boots)
Stlth   ..........              (no amulet)
HPRegen 0.21/turn               (no ring)
MPRegen 0.09/turn               (no ring)

@: berserking (expiring), slow
A: horns 2, retaliatory headbutt
a: Renounce Religion, Berserk, Trog's Hand


You were in an ossuary.
You worshipped Trog.
Trog was pleased with you.
You visited 1 branch of the dungeon, and saw 4 of its levels.
You also visited: Ossuary.

You collected 126 gold pieces.

Inventory:

Hand Weapons
 a - a +0 hand axe (weapon)
Armour
 c - a scarf of harm (worn)
 l - a +0 scale mail (worn)
Scrolls
 d - 2 scrolls of magic mapping {unknown}
 e - 2 scrolls of enchant armour {unknown}
 g - 2 scrolls of teleportation {unknown}
 h - a scroll of brand weapon {unknown}
 j - 2 scrolls of identify {unknown}
 k - a scroll of torment {unknown}
 m - a scroll of vulnerability {unknown}
 n - a scroll of enchant weapon {unknown}
 o - 2 scrolls of immolation {unknown}
Potions
 b - a potion of experience {unknown}
 f - 2 potions of might {unknown}
 i - a potion of haste {unknown}


   Skills:
 * Level 4.7 Fighting
 * Level 5.6 Axes
 * Level 3.3 Armour
 * Level 2.9 Dodging
 * Level 1.1 Evocations


You had 4 spell levels left.
You didn't know any spells.
Your spell library was empty.

Dungeon Overview and Level Annotations

Branches:
Dungeon (5/15)            Ossuary (1/1)
 Temple: D:4-7

Altars:

Shops:
D:2 =*((   D:3 [(


Innate Abilities, Weirdness & Mutations

You have a pair of horns on your head.
You reflexively headbutt those who attack you in melee.


Message History

The world spins around you as you enter the gateway.
You enter an ossuary!
Found a gate leading back out of this place.
There is an empty arch of ancient stone here.
There are monsters nearby!
The bog mummy casts a spell at you. The puff of frost hits you.
The bog mummy gestures at you while chanting.
The puff of frost hits you.
There is an empty arch of ancient stone here.
The bog mummy casts a spell at you. You resist with some effort.
You enter the shallow water.
Moving in this stuff is going to be slow.
A wyvern zombie comes into view.
The bog mummy hits you.
The wyvern zombie moves out of view.
A red film seems to cover your vision as you go berserk!
You feel yourself moving faster!
You feel mighty! The bog mummy hits you!
* * * LOW HITPOINT WARNING * * *
You are too injured to fight recklessly!
Unknown command.
You are too injured to fight recklessly!
Unknown command.
You are too injured to fight recklessly!
Unknown command.
You barely miss the bog mummy. You slash the bog mummy!
You headbutt the bog mummy!
The bog mummy is almost destroyed.
The bog mummy closely misses you.
You slash the bog mummy!
You destroy the bog mummy!
Trog accepts your kill.
Trog appreciates your killing of a magic user.
You slash the wyvern zombie! You hit the bog mummy but do no damage.
The wyvern zombie barely misses you.
Your unstable footing causes you to fumble your attack.
The wyvern zombie bites you!
* * * LOW HITPOINT WARNING * * *
The bog mummy hits you!
You die...

##### #∩..#
#.∩.# #...#
##@##
..≈.≈..ZM≈≈+
'#+#+#.≈.#+#
≈.#.≈ ≈#≈
≈#≈ ###≈
#≈#≈ #≈ ≈ ##
## ##


You could see a bog mummy and a wyvern zombie.

Vanquished Creatures
  A centaur zombie (D:5)
  A mummy (Ossuary)
  Natasha (thrice) (D:2)
  3 worms
  2 dart slugs (D:1)
  5 ball pythons
  6 bats (D:1)
  3 endoplasms
  A giant cockroach (D:1)
  4 goblins (D:1)
  5 hobgoblins
  7 kobolds
  5 quokkas
  3 rats
49 creatures vanquished.

Vanquished Creatures (others)
  A withered plant (Ossuary)
1 creature vanquished.

Grand Total: 50 creatures vanquished

Notes
Turn   | Place    | Note
-------+----------+-------------------------------------------
     0 | D:1      | cbfl8 the Minotaur Berserker began the quest for the Orb.
     0 | D:1      | Reached XP level 1. HP: 19/19 MP: 0/0
   140 | D:1      | Reached XP level 2. HP: 27/27 MP: 1/1
   169 | D:1      | Reached skill level 4 in Axes
   475 | D:1      | Found a faded altar of an unknown god.
   483 | D:1      | Reached ** piety under Trog
   484 | D:1      | Reached XP level 3. HP: 25/33 MP: 2/2
   979 | D:2      | Found Nuxaes's Jewellery Shop.
  1036 | D:2      | Found Xahen's Antique Weapon Shop.
  1066 | D:2      | Found Geus's Assorted Antiques.
  1117 | D:2      | Found Nuomoz's Weapon Emporium.
  1207 | D:2      | Noticed Natasha
  1214 | D:2      | Killed Natasha
  1215 | D:2      | Reached XP level 4. HP: 27/41 MP: 3/3
  1409 | D:2      | Noticed Natasha
  1417 | D:2      | Killed Natasha
  1418 | D:2      | Reached skill level 5 in Axes
  1492 | D:2      | Noticed Natasha
  1497 | D:2      | Killed Natasha
  1878 | D:3      | Found Fuohesko's Antique Weapon Shoppe.
  1910 | D:3      | Reached skill level 1 in Evocations
  2051 | D:3      | Found Mussidy's Armour Boutique.
  2063 | D:3      | You fall into a shaft and drop 2 floors!
  2063 | D:5      | Entered Level 5 of the Dungeon
  2130 | D:5      | Reached XP level 5. HP: 37/47 MP: 4/4
  2137 | D:5      | Noticed an orc warrior
  2142 | D:5      | Found a sand-covered staircase.
  2146 | Ossuary  | Entered an ossuary
  2157 | Ossuary  | HP: 2/70 [wyvern zombie (8)]
  2157 | Ossuary  | Mangled by a bog mummy

Illustrated notes

Levels and vault maps discovered:
D:1:      heliophobic_arrival_enchanted_forest, layout_basic,
          chequers_ecumenical_altar_simple_redux, minmay_tromino_i4
D:2:      layout_loops_ring, serial_shops, shop, shop, shop,
          nicolae_shop_competitors_out_of_business, hex_medium, uniq_natasha
D:3:      layout_loops_ring, serial_shops, shop,
          nicolae_shop_overgrown_old_shop, nicolae_shop_behind_doors,
          nicolae_lakefront_shop
D:5:      layout_rooms, enter_ossuary_5, serial_shops, kennysheep_little_box,
          minmay_strange_pillars
Ossuary:  ossuary_zaba_flooded

Skill      XL: |  1  2  3  4 |
---------------+-------------+-----
Fighting       | 4 |  4.7
Axes           | 4 5 |  5.6
Armour         | 3 |  3.3
Evocations     | 1 |  1.1
Dodging        | |  2.9

Action                   |  1- 3 |  4- 6 || total
-------------------------+-------+-------++-------
Melee: Hand axe          |    68 |    38 ||   106
       Headbutt          |    11 |     8 ||    19
       Punch             |     1 |       ||     1
Invok: Berserk           |       |     1 ||     1
Armor: Animal skin       |    15 |       ||    15
       Ring mail         |     2 |       ||     2
       Scale mail        |       |     8 ||     8
Dodge: Dodged            |    38 |    13 ||    51
